 Dungeon Crawl Stone Soup version 0.28.0-43-g3370ac3207 (webtiles) character file.

Game seed: 15756084389432708796

184 DearestLeader the Chopper (level 5, -10/47 HPs)
             Began as a Minotaur Fighter on Mar 7, 2022.
             Killed by an exploding worm (30 damage)
             ... ignited by their inner flame
             ... on level 3 of the Dungeon.
             The game lasted 00:04:46 (2692 turns).

DearestLeader the Chopper (Minotaur Fighter)        Turns: 2692, Time: 00:04:47

Health: -10/47     AC: 12    Str: 23    XL:     5   Next: 36%
Magic:  4/4        EV:  6    Int:  5    God:
Gold:   120        SH:  4    Dex:  9    Spells: 4/4 levels left

rFire   . . .      SeeInvis .   a - +0 war axe
rCold   . . .      Faith    .   c - +0 buckler
rNeg    . . .      Spirit   .   i - +0 plate armour
rPois   .          Reflect  .   (helmet restricted)
rElec   .          Harm     .   (no cloak)
rCorr   .          Rampage  .   (no gloves)
Will    .....                   (no boots)
Stlth   ..........              (no amulet)
HPRegen 0.15/turn               (no ring)
MPRegen 0.09/turn               (no ring)

@: no status effects
A: horns 2, retaliatory headbutt
a: no special abilities


You were on level 3 of the Dungeon.
You visited 1 branch of the dungeon, and saw 3 of its levels.
You also visited: Sewer.

You collected 120 gold pieces.

Inventory:

Hand Weapons
 a - a +0 war axe (weapon)
 l - a +0 whip of electrocution
Armour
 b - a +0 scale mail
 c - a +0 buckler (worn)
 i - a +0 plate armour (worn)
Jewellery
 m - a +4 ring of evasion
Scrolls
 e - 2 scrolls of blinking
 f - a scroll of holy word
 n - a scroll of fog
 q - a scroll of teleportation {unknown}
 r - a scroll of brand weapon {unknown}
Potions
 d - 2 potions of might
 g - 2 potions of lignification {unknown}
 h - 3 potions of haste
 j - a potion of berserk rage {unknown}
 k - a potion of curing {unknown}
 p - 2 potions of brilliance {unknown}
 s - a potion of heal wounds {unknown}


   Skills:
 + Level 4.7 Fighting
 * Level 5.0 Axes
 + Level 4.7 Armour
 - Level 4.0 Shields


You had 4 spell levels left.
You didn't know any spells.
Your spell library contained the following spells:

 Spells                   Type           Power      Damage    Failure   Level
 Sting                    Tmut/Pois      0%         1d3       100%        1
 Poisonous Vapours        Pois/Air       0%         N/A       100%        2
 Stone Arrow              Conj/Erth      0%         3d7       100%        3
 Animate Armour           Summ/Erth      0%         N/A       100%        4
 Olgreb's Toxic Radiance  Pois           0%         N/A       100%        4
 Lehudib's Crystal Spear  Conj/Erth      0%         10d2      100%        8


Dungeon Overview and Level Annotations

Branches:
Dungeon (3/15)              Sewer (visited)

Altars:


Innate Abilities, Weirdness & Mutations

You have a pair of horns on your head.
You reflexively headbutt those who attack you in melee.


Message History

The frilled lizard hisses angrily.
You barely miss the frilled lizard. You block the frilled lizard's attack.
You miss the frilled lizard. The frilled lizard barely misses you.
You closely miss the frilled lizard.
The frilled lizard bites you but does no damage.
You slash the frilled lizard!
You kill the frilled lizard!
No target in view!
You enter the shallow water.
Moving in this stuff is going to be slow.
Found a gate leading back out of this place.
You enter the shallow water.
Moving in this stuff is going to be slow.
s - an emerald potion Done exploring.
There is a gate leading back out of this place here.
Welcome back to the Dungeon!
The bat hits you but does no damage. You block the bat's attack.
There is a collapsed entrance here.
As you read the scroll labelled UWAXKU YLEICS, it crumbles to dust.
The creatures around you are filled with an inner flame!
It was a scroll of immolation.
The bat hits you. The worm bites you. The bat hits you but does no damage.
You enter the shallow water.
Moving in this stuff is going to be slow.
The bat hits you but does no damage. Why would you want to do that?
The bat hits you but does no damage. The bat hits you but does no damage.
You miss the bat. The bat hits you but does no damage.
You block the bat's attack.
You hit the bat. You barely miss the worm.
The bat explodes!
The fiery explosion engulfs you!!
Ouch! That really hurt!
The fiery explosion engulfs the worm!!
The worm explodes!
The fiery explosion engulfs you!!
Ouch! That really hurt!
You die...

####.# .. ...[# ..... #..#
..... ####..#########
....#########..............
..≈.......≈##.###)#######..
# #≈≈≈≈≈##.##.# #)# ###..
#.##≈≈≈≈≈##.##.# #.# #....
#.≈≈.....§§@##.# #.# #.###
#.≈≈.....§§§##.###.### #.#
#.≈≈.....§§§.....)...# #.#
...≈≈.....≈≈..#.#÷###.###.#
##≈≈≈.....≈≈..#.#.#
#.....###
#.##≈≈.≈≈##..#.#.#
#####.$.. # #≈≈.≈≈##..#.#.#
#.#.#
...............#######.#.#
..........................#


There were no monsters in sight!

Vanquished Creatures
  6 gnolls
  5 adders
  3 worms
  3 dart slugs
  7 endoplasms
  3 giant cockroaches
  5 goblins
  6 hobgoblins
  A quokka (D:2)
  15 ball pythons
  9 bats
  8 frilled lizards
  5 kobolds
  3 rats
79 creatures vanquished.

Notes
Turn   | Place    | Note
-------+----------+-------------------------------------------
     0 | D:1      | DearestLeader the Minotaur Fighter began the quest for the
                  | Orb.
     0 | D:1      | Reached XP level 1. HP: 19/19 MP: 0/0
    35 | D:1      | Reached XP level 2. HP: 23/27 MP: 1/1
   120 | D:1      | Reached skill level 3 in Axes
   344 | D:1      | Reached XP level 3. HP: 32/33 MP: 2/2
   614 | D:1      | Found a faded altar of an unknown god.
  1755 | D:3      | Reached XP level 4. HP: 28/40 MP: 3/3
  1777 | D:2      | Reached skill level 4 in Axes
  2203 | D:3      | Reached XP level 5. HP: 13/47 MP: 4/4
  2208 | D:3      | Found a glowing drain.
  2218 | Sewer    | Entered a sewer
  2576 | Sewer    | Reached skill level 5 in Axes
  2692 | D:3      | Killed by an exploding worm... ignited by their inner flame

Illustrated notes

Levels and vault maps discovered:
D:1:      lemuel_arrival_hallway, layout_basic,
          hellmonk_ecumenical_altar_crossroads, st_stairs_2,
          corexii_hall_statues_i, minmay_misc_feat_rows, minivault_4,
          lemuel_old_faithful
D:2:      layout_loops_ring
D:3:      layout_loops_ring, cheibrodos_sewer_entry_sluice, uniq_grinder

Skill      XL: |  1  2  3  4  5 |
---------------+----------------+-----
Axes           | 3 4 5 |  5.0
Armour         | 4 |  4.7
Shields        | 4 |  4.0
Fighting       | 4 |  4.7

Action                   |  1- 3 |  4- 6 || total
-------------------------+-------+-------++-------
Melee: War axe           |    97 |    64 ||   161
       Headbutt          |    15 |    10 ||    25
  Use: Scroll            |     3 |     4 ||     7
Armor: Scale mail        |    40 |       ||    40
       Plate armour      |    33 |    57 ||    90
Dodge: Dodged            |    51 |    15 ||    66
Block: Buckler           |    27 |    24 ||    51
